 Dungeon Crawl Stone Soup version 0.31-a0-818-ge7c7cf74f0 (webtiles) character file.

Game seed: 11223766712938934999

505 ooooo the Conjurer (level 7, -7/45 HPs)
             Began as an Octopode Conjurer on Sept 22, 2023.
             Was an Initiate of Gozag.
             Mangled by Menkaure (16 damage)
             ... in an ossuary.
             The game lasted 00:11:57 (7253 turns).

ooooo the Conjurer (Octopode Conjurer)              Turns: 7253, Time: 00:11:58

Health: -7/45      AC:  1    Str:  7    XL:     7   Next: 18%
Magic:  5/10       EV: 13    Int: 22    God:    Gozag
Gold:   578        SH:  0    Dex: 10    Spells: 8/11 levels left

rFire   . . .        n - +1 dagger (protect)
rCold   . . .        (no shield)
rNeg    + . .        (helmet restricted)
rPois   .            (no amulet)
rElec   .            c - ring of see invisible
rCorr   .            r - ring of positive energy
SInv    +            (no ring)
Will    .....        (no ring)
Stlth   +++          (no ring)
HPRegen 0.27/turn    (no ring)
MPRegen 0.12/turn    (no ring)
                     (no ring)

%: no passive effects
@: no status effects
A: almost no armour, amphibious, 8 rings, camouflage 1, gelatinous body 1,
(nimble swimmer 1), tentacles
a: Renounce Religion, Potion Petition, Call Merchant, Bribe Branch


You were in an ossuary.
You worshipped Gozag.
Gozag was pleased with you.
You visited 1 branch of the dungeon, and saw 5 of its levels.
You also visited: Ossuary.

You collected 609 gold pieces.
You paid 31 gold pieces to Gozag.

Inventory:

Hand Weapons
 d - a +0 dagger
 n - a +1 dagger of protection (weapon)
 o - a +0 dagger of venom
 z - a +0 dagger of freezing
 A - a +2 dagger of speed
Missiles
 e - 7 poisoned darts (quivered)
Jewellery
 c - a ring of see invisible (left tentacle)
 r - a ring of positive energy (right tentacle)
Wands
 p - a wand of flame (11)
 v - a wand of charming (9)
Scrolls
 f - a scroll of immolation {unknown}
 g - a scroll of poison {unknown}
 i - 2 scrolls of teleportation
 m - a scroll of enchant weapon {unknown}
 q - a scroll of enchant armour
 s - a scroll of vulnerability {unknown}
 w - a scroll of noise {unknown}
 x - a scroll of silence {unknown}
 y - a scroll of fear {unknown}
Potions
 a - a potion of magic
 b - 2 potions of brilliance {unknown}
 h - 4 potions of curing
 j - a potion of invisibility {unknown}
 k - 3 potions of resistance
 l - a potion of enlightenment {unknown}
 t - a potion of attraction {unknown}
 u - a potion of heal wounds {unknown}


   Skills:
 * Level 2.4 Fighting
 * Level 3.1 Dodging
 + Level 3.9 Stealth
 + Level 1.9 Shields
 + Level 2.5 Spellcasting
 * Level 4.9 Conjurations
 + Level 1.4 Hexes
 + Level 1.4 Translocations
 + Level 1.6 Ice Magic
 + Level 1.7 Evocations
 + Level 1.4 Shapeshifting


You had 8 spell levels left.
You knew the following spells:

 Your Spells              Type           Power      Damage    Failure   Level
a - Searing Ray           Conj           48%        2d6       2%          2
b - Magic Dart            Conj           96%        1d7       1%          1

Your spell library contained the following spells:

 Spells                   Type           Power      Damage    Failure   Level
 Blink                    Tloc           18%        N/A       11%         2
 Dazzling Flash           Conj/Hex       32%        N/A       11%         3
 Necrotise                Necr           8%         1d4       13%         1
 Ozocubu's Armour         Ice            10%        N/A       21%         3
 Fulminant Prism          Conj/Hex       8%         3d7       34%         4
 Iskenderun's Mystic Bla  Conj/Tloc      16%        2d5       34%         4
 Vampiric Draining        Necr           2%         2d6       36%         3
 Manifold Assault         Tloc           9%         N/A       56%         4
 Metabolic Englaciation   Hex/Ice        4%         N/A       88%         5
 Agony                    Necr           2%         N/A       98%         5
 Simulacrum               Ice/Necr       Unusable   N/A       N/A         6

Dungeon Overview and Level Annotations

Branches:
Dungeon (5/15) Zot: 25224 Ossuary (1/1) Zot: 3523
 Temple: D:4-7

Altars:
Gozag
Wu Jian
Yredelemnul

Portals:
Abyss: D:4

Annotations:
D:4 2 transporters, Splishie's ghost, novice GnWn Ossuary Menkaure


Innate Abilities, Weirdness & Mutations

You cannot wear most types of armour.
You are amphibious.
You can wear up to eight rings at the same time.
Your skin changes colour to match your surroundings (Stealth+).
Your rubbery body absorbs attacks. (AC +1, EV +1)
((You are camouflaged when in or above water. (Stealth+)))
You have tentacles for arms and can constrict up to eight enemies at once.


Message History

Your grab misses the goblin zombie. You squeeze the goblin zombie.
You destroy the goblin zombie!
You hit the rat skeleton. Your grab misses the rat skeleton.
You squeeze the rat skeleton.
You destroy the rat skeleton!
The sentinel's mark upon you fades away.
Menkaure, Prince of Dust comes into view.
You see here 15 gold pieces.
You hit the kobold zombie. You grab the kobold zombie.
The kobold zombie is heavily damaged.
You constrict the kobold zombie.
The kobold zombie hits you but does no damage.
Menkaure calls on the powers of darkness!
Your body is wracked with pain!
You release your grip on the kobold zombie.
Menkaure mumbles some strange words.
Menkaure seems to speed up.
You see here 15 gold pieces.
Menkaure is distracted by your dazzling golden aura.
Okay, then.
Casting: Searing Ray (safe; 2% risk of failure)
Confirm with . or Enter, or press ? or * to list all spells.
Aiming: Searing Ray (safe; 2% risk of failure)
Press: ? - help, Shift-Dir - straight line, f - kobold zombie
Aim: a kobold zombie (severely damaged, 87% to hit)
The searing ray hits the kobold zombie.
You destroy the kobold zombie! (Press . to maintain the ray.) Menkaure shouts!
The searing ray misses Menkaure.
The searing ray hits Menkaure!
Menkaure is moderately damaged.
The searing ray hits Menkaure.
Menkaure is heavily damaged.
You finish channelling your searing ray.
Menkaure hits you!!
* * * LOW HITPOINT WARNING * * *
Menkaure hits you!
You die...
Your body crumbles into a pile of gold.

##^.##..## # ##..##..## ..
##..##..## . ##..##..##
##..##^.## ##..##..## ##..##..##
##..##..######################
##..##........@M..$..........Z.
##..############################
#...............................
################################


You could see Menkaure (fast).

Vanquished Creatures
  A jelly (D:4)
  2 orc priests (D:3)
  A hound (D:4)
  2 iguanas
  4 orc wizards
  2 mummies (Ossuary)
  8 gnolls
  2 adders (D:2)
  2 dart slugs
  11 orcs
  5 bats
  6 endoplasms
  4 giant cockroaches
  A gnoll zombie (Ossuary)
  6 goblins
  8 hobgoblins
  7 ball pythons
  4 gnoll skeletons (Ossuary)
  5 goblin skeletons (Ossuary)
  3 goblin zombies (Ossuary)
  6 hobgoblin skeletons (Ossuary)
  4 hobgoblin zombies (Ossuary)
  9 kobolds
  2 kobold skeletons (Ossuary)
  6 kobold zombies (Ossuary)
  3 orc skeletons (Ossuary)
  4 orc zombies (Ossuary)
  A rat (D:2)
  3 rat skeletons (Ossuary)
  7 rat zombies
129 creatures vanquished.

Notes
Turn   | Place    | Note
-------+----------+-------------------------------------------
     0 | D:1      | ooooo the Octopode Conjurer began the quest for the Orb.
     0 | D:1      | Reached XP level 1. HP: 11/11 MP: 3/3
   300 | D:1      | Reached XP level 2. HP: 15/17 MP: 0/5
   462 | D:1      | Learned a level 2 spell: Searing Ray
   623 | D:1      | Reached XP level 3. HP: 22/22 MP: 1/6
   691 | D:1      | Found a faded altar of an unknown god.
  1345 | D:2      | Reached skill level 1 in Fighting
  1677 | D:2      | Reached XP level 4. HP: 28/28 MP: 3/7
  1966 | D:2      | Reached skill level 1 in Shields
  2617 | D:3      | Reached skill level 1 in Ice Magic
  2617 | D:3      | Reached skill level 1 in Evocations
  2617 | D:3      | Reached XP level 5. HP: 33/33 MP: 2/8
  2618 | D:3      | Reached skill level 1 in Translocations
  2860 | D:3      | Reached skill level 1 in Shapeshifting
  2866 | D:3      | Reached skill level 1 in Hexes
  2874 | D:3      | Reached XP level 6. HP: 38/39 MP: 0/9
  3152 | D:3      | Found a faded altar of an unknown god.
  3173 | D:3      | Found an ornate altar of the Wu Jian Council.
  3425 | D:3      | Found an opulent altar of Gozag.
  3431 | D:3      | Became a worshipper of Gozag Ym Sagoz the Greedy
  3552 | D:4      | Found a transporter.
  3552 | D:4      | Found a one-way gate to the infinite horrors of the Abyss.
  3552 | D:4      | Noticed Splishie's ghost (novice GnWn)
  3552 | D:4      | Noticed a small abomination
  3993 | D:4      | Found a transporter.
  4435 | D:5      | Entered Level 5 of the Dungeon
  4692 | D:5      | Reached XP level 7. HP: 43/45 MP: 1/10
  4764 | D:5      | Found a basalt altar of Yredelemnul.
  4766 | D:5      | Found a sand-covered staircase.
  4777 | Ossuary  | Entered an ossuary
  7239 | Ossuary  | Noticed Menkaure
  7253 | Ossuary  | Mangled by Menkaure

Illustrated notes

Levels and vault maps discovered:
D:1:      eino_arrival_cavern_a, layout_basic,
          shapermc_ecumenical_altar_mp_ritualfount
D:2:      layout_basic
D:3:      layout_basic, nicolae_overflow_ecumenical_swirl, lemuel_round_altar
D:4:      layout_gridville, gammafunk_ghost_abyssal_escape
D:5:      layout_basic, overflow_temple_1_default, gammafunk_ghost_hive,
          enter_ossuary_3, goddamned_bats, uniq_grinder
Ossuary:  ossuary_due_pyramid

Skill      XL: |  1  2  3  4  5  6 |
---------------+-------------------+-----
Fighting       | 1 2 |  2.4
Stealth        | 3 |  3.9
Shields        | 1 |  1.9
Ice Magic      | 1 |  1.6
Evocations     | 1 |  1.7
Translocations | 1 |  1.4
Shapeshifting  | 1 |  1.4
Hexes          | 1 |  1.4
Dodging        | 3 |  3.1
Spellcasting   | |  2.5
Conjurations   | |  4.9

Action                     |  1- 3 |  4- 6 |  7- 9 || total
---------------------------+-------+-------+-------++-------
  Melee: Dagger            |    16 |    50 |   109 ||   175
         Constrict         |     5 |    12 |    43 ||    60
         Tentacles         |     3 |    12 |    34 ||    49
         Punch             |       |     1 |     2 ||     3
  Throw: Dart              |       |     2 |       ||     2
   Cast: Magic Dart        |    17 |     4 |       ||    21
         Searing Ray       |    11 |    32 |     5 ||    48
    Use: Scroll            |       |     4 |       ||     4
   Stab: Sleeping          |     4 |     6 |       ||    10
         Distracted        |       |       |     1 ||     1
 Armour: Skin              |     9 |    35 |    27 ||    71
  Dodge: Dodged            |    17 |    53 |    49 ||   119

Table legend: (Time is in decaauts)
 A = Elapsed time spent in this place.
 B = Non-inter-level travel time spent in this place.
 C = Inter-level travel time spent in this place.
 D = Time resting spent in this place.
 E = Time spent auto-exploring this place.
 F = Levels seen in this place.
 G = Mean time per level.
                   A        B        C        D        E       F      G
               +--------+--------+--------+--------+--------+-----+--------+
         Total |   7250 |   7108 |    142 |   3130 |   2735 |   6 | 1208.3 |
       Dungeon |   4775 |   4633 |    142 |   1290 |   2655 |   5 |  955.0 |
       Ossuary |   2475 |   2475 |      0 |   1840 |     80 |   1 | 2475.0 |
               +--------+--------+--------+--------+--------+-----+--------+

Top non-repeatable levels by time:
 Ossuary: 2475 daAuts
     D:2: 1634 daAuts
     D:1: 1135 daAuts
     D:4: 943 daAuts
     D:3: 720 daAuts
     D:5: 341 daAuts
